 Dungeon Crawl Stone Soup version 0.30-a0-305-g026cb31310 (webtiles) character file.

Game seed: 12587205079472274125

44 koil the Sneak (level 3, -5/18 HPs)
             Began as a Spriggan Brigand on Oct 23, 2022.
             Slain by a gnoll
             ... wielding a +0 flail
              (12 damage)
             ... on level 2 of the Dungeon.
             The game lasted 00:01:55 (1197 turns).

koil the Sneak (Spriggan Brigand)                   Turns: 1197, Time: 00:01:56

Health: -5/18      AC:  3    Str:  7    XL:     3   Next: 39%
Magic:  5/5        EV: 17    Int: 14    God:
Gold:   95         SH:  0    Dex: 16    Spells: 2/4 levels left

rFire   . . .      SeeInvis +    a - +2 dagger
rCold   . . .      Faith    .    (no shield)
rNeg    . . .      Spirit   .    b - +0 robe
rPois   .          Reflect  .    (helmet restricted)
rElec   .          Harm     .    c - +0 cloak
rCorr   .          Rampage  .    (gloves unavailable)
Will    .....                    (boots unavailable)
Stlth   +++.......               (no amulet)
HPRegen 0.23/turn                (no ring)
MPRegen 0.09/turn                (no ring)

@: very quick
A: very small, no large weapons, unfitting armour, see invisible, speed 3
a: no special abilities


You were on level 2 of the Dungeon.
You visited 1 branch of the dungeon, and saw 2 of its levels.

You collected 95 gold pieces.

Inventory:

Hand Weapons
 a - a +2 dagger (weapon)
 i - a +1 vorpal war axe
Missiles
 d - 16 poisoned darts (quivered)
 e - 3 curare-tipped darts
Armour
 b - a +0 robe (worn)
 c - a +0 cloak (worn)
Jewellery
 n - an amulet of guardian spirit
Scrolls
 g - 2 scrolls of identify {unknown}
 j - a scroll of teleportation {unknown}
 l - a scroll of vulnerability {unknown}
Potions
 f - 2 potions of ambrosia {unknown}
 h - 3 potions of degeneration {unknown}
 k - a potion of berserk rage {unknown}
 m - a potion of curing {unknown}


   Skills:
 + Level 2.0 Fighting
 + Level 2.6 Short Blades
 - Level 2.0 Throwing
 + Level 2.2 Dodging
 + Level 6.2 Stealth
 + Level 1.2 Spellcasting
 + Level 1.0 Hexes


You had 2 spell levels left.
You knew the following spells:

 Your Spells              Type           Power      Damage    Failure   Level
a - Ensorcelled Hibernat  Hex/Ice        4%         N/A       32%         2

Your spell library contained the following spells:

 Spells                   Type           Power      Damage    Failure   Level
 Spider Form              Tmut/Pois      0%         N/A       61%         3
 Anguish                  Hex/Necr       1%         N/A       91%         4


Dungeon Overview and Level Annotations

Branches:
Dungeon (2/15)

Altars:


Innate Abilities, Weirdness & Mutations

You are very small and have problems with some larger weapons.
You are too small for most types of armour.
You have supernaturally acute eyesight. (SInv)
You cover ground extremely quickly. (Speed+++)


Message History

a +0 short sword; a stone; a kobold corpse No target in view!
No target in view!
No target in view!
A ball python comes into view.
The helpless ball python fails to defend itself.
You impale the ball python!!
You kill the ball python!
No target in view!
m - a glowing inky potion You now have 95 gold pieces (gained 16).
Found a falchion.
n - an amulet of guardian spirit No target in view!
An endoplasm comes into view.
The helpless endoplasm fails to defend itself.
You impale the endoplasm!!
You kill the endoplasm!
Your Fighting skill increases to level 2!
No target in view!
d - 16 poisoned darts (gained 3)
You open the door.
There is an open door here.
A gnoll comes into view. It is wielding a +0 club.
Found 7 stones.
A gnoll comes into view. It is wielding a +0 flail.
A gnoll comes into view. It is wielding a +0 flail.
The gnoll shouts! x2
A gnoll opens the door.
A gnoll comes into view. It is wielding a +0 spear.
The gnoll closely misses you.
The gnoll shouts! x2
You hit the gnoll.
The gnoll is moderately wounded.
You hit the gnoll.
The gnoll is heavily wounded.
The gnoll hits you with a +0 flail. x2
The gnoll hits you with a +0 flail!
Ouch! That really hurt!
You die...

##.#.#< #. #......
#...... #. #...#.# #
#.>#.#.
#.##...#.#.#####..#.#.
#.....................
#....(.#.######..#####
.....................
###.#.##.#############
#..gg@................
#.#'#g##.############.
..g..##.# #.
.......##.# #. .
#...........# #. . .
.........###.. #. #.
#. .####.##.# #.# #.
#.##.### ####.##.# #.#
#. ........ .....##.#
#.# #.


You could see 3 gnolls.

Vanquished Creatures
  An adder (D:2)
  A dart slug (D:1)
  2 ball pythons (D:2)
  3 bats
  5 endoplasms
  4 goblins
  A hobgoblin (D:2)
  6 jackals
  A quokka (D:1)
  A frilled lizard (D:2)
  2 kobolds (D:2)
  2 rats (D:1)
29 creatures vanquished.

Notes
Turn   | Place    | Note
-------+----------+-------------------------------------------
     0 | D:1      | koil the Spriggan Brigand began the quest for the Orb.
     0 | D:1      | Reached XP level 1. HP: 10/10 MP: 2/2
   275 | D:1      | Reached skill level 6 in Stealth
   291 | D:1      | Reached XP level 2. HP: 15/15 MP: 2/4
   336 | D:1      | Learned a level 2 spell: Ensorcelled Hibernation
   486 | D:1      | Reached skill level 1 in Spellcasting
   952 | D:2      | Reached XP level 3. HP: 18/18 MP: 5/5
  1096 | D:2      | Reached skill level 1 in Hexes
  1197 | D:2      | Slain by a gnoll

Illustrated notes

Levels and vault maps discovered:
D:1:      erik_arrival_triangle_small, layout_basic
D:2:      layout_basic, hellmonk_ecumenical_altar_lost_god, minmay_diced_spiral

Skill      XL: |  1  2  3 |
---------------+----------+-----
Stealth        | 6 |  6.2
Spellcasting   | 1 |  1.2
Dodging        | 2 |  2.2
Hexes          | 1 |  1.0
Fighting       | 2 |  2.0
Short Blades   | |  2.6
Throwing       | |  2.0

Action                   || total
-------------------------++-------
Melee: Dagger            ||    81
       Punch             ||     1
 Stab: Sleeping          ||    14
Armor: Robe              ||    16
Dodge: Dodged            ||    51

Table legend: (Time is in decaauts)
 A = Elapsed time spent in this place.
 B = Non-inter-level travel time spent in this place.
 C = Inter-level travel time spent in this place.
 D = Time resting spent in this place.
 E = Time spent auto-exploring this place.
 F = Levels seen in this place.
 G = Mean time per level.
                   A        B        C        D        E       F      G
               +--------+--------+--------+--------+--------+-----+--------+
         Total |    775 |    742 |     33 |      0 |    578 |   2 |  387.5 |
       Dungeon |    775 |    742 |     33 |      0 |    578 |   2 |  387.5 |
               +--------+--------+--------+--------+--------+-----+--------+

Top non-repeatable levels by time:
     D:1: 528 daAuts
     D:2: 246 daAuts
